 Dungeon Crawl Stone Soup version 0.23-a0-32-g1388f29e54 (webtiles) character file.

176261 GordonOverkill the Eclecticist (level 17, 0/131 HPs)
             Began as a Mummy Wizard on Aug 4, 2018.
             Was the Champion of Kikubaaqudgha.
             Slain by a tarantella (10 damage)
             ... on level 1 of the Spider Nest.
             The game lasted 02:59:55 (58113 turns).

GordonOverkill the Eclecticist (Mummy Wizard)      Turns: 58113, Time: 02:59:56

Health: 0/131      AC: 28    Str: 12    XL:     17   Next: 23%
Magic:  45/45      EV: 12    Int: 23    God:    Kikubaaqudgha [******]
Gold:   918        SH:  0    Dex: 10    Spells: 3/46 levels left

rFire    . . .     SeeInvis +   b - +2 trident (protect)
rCold    . . .     Gourm    .   A - +0 buckler {AC+3}
rNeg     + + +     Faith    .   c - +0 steam dragon scales
rPois    ∞         Spirit   .   B - +2 helmet {SInv}
rElec    .         Reflect  .   D - +0 cloak
rCorr    .         Harm     .   q - +2 pair of gloves
MR       ++...                  l - +2 pair of boots
Stlth    +.........             g - amulet of regeneration
HPRegen  0.71/turn              n - ring of magical power
MPRegen  0.29/turn              m - ring of fire

@: confused, protection aura
A: no food or potions, fire vulnerability, cold resistance 1, negative energy
resistance 3, torment resistance, unbreathing, in touch with death 1
}: 1/15 runes: decaying
a: Receive Corpses, Torment, Brand Weapon With Pain, Receive Necronomicon,
Renounce Religion


You were on level 1 of the Spider Nest.
You worshipped Kikubaaqudgha.
Kikubaaqudgha was exalted by your worship.
You were not hungry.

You visited 6 branches of the dungeon, and saw 30 of its levels.

You collected 3171 gold pieces.
You spent 2253 gold pieces at shops.

Inventory:

Hand Weapons
 a - a +3 demon blade of electrocution
 b - a +2 trident of protection (weapon)
 w - a +4 scimitar of flaming
Missiles
 p - 2 throwing nets
 u - 55 tomahawks (quivered)
Armour
 c - +0 steam dragon scales (worn)
 i - a +0 large shield
 l - a +2 pair of boots (worn)
 q - a +2 pair of gloves (worn)
 A - a +0 buckler of protection (worn)
 B - a +2 helmet of see invisible (worn)
 D - a +0 cloak (worn)
Jewellery
 e - the amulet "Wukloufe" {Reflect Int+2 SH+3}
   (You found it on level 6 of the Lair of Beasts)

   [amulet of reflection]

   It shields you and reflects attacks.
   It affects your intelligence (+2).
   It affects your SH (+3).
 f - an uncursed ring of wizardry
 g - an amulet of regeneration (around neck)
 j - a +3 ring of protection
 m - a ring of fire (right hand)
 n - a ring of magical power (left hand)
 r - a +3 ring of protection
 F - an uncursed ring of protection from magic
 Q - an uncursed ring of fire
Wands
 d - a wand of polymorph (95)
 h - a wand of digging (34)
 t - a wand of iceblast (19)
 x - a wand of flame (54)
 E - a wand of disintegration (16)
 G - a wand of acid (19)
 M - a wand of paralysis (15)
 N - a wand of random effects (60)
 R - a wand of enslavement (10)
Scrolls
 k - 8 scrolls of remove curse
 o - 12 scrolls of amnesia
 s - 4 scrolls of immolation
 v - 3 scrolls of fog
 y - 9 scrolls of identify
 z - 7 scrolls of summoning
 C - 6 scrolls of magic mapping
 H - 2 scrolls of enchant armour
 I - a scroll of brand weapon
 J - 4 scrolls of teleportation
 K - 4 scrolls of blinking
 L - a scroll of fear
Miscellaneous
 O - a phial of floods
 P - a fan of gales


   Skills:
 - Level 11.0 Fighting
 + Level 12.5 Long Blades
 - Level 8.0 Armour
 - Level 2.0 Dodging
 - Level 2.0 Stealth
 - Level 4.0 Shields
 - Level 15.0 Spellcasting
 - Level 3.0 Conjurations
 - Level 6.0 Summonings
 - Level 15.0 Necromancy
 - Level 2.0 Translocations
 - Level 1.0 Fire Magic
 - Level 4.0 Air Magic
 - Level 5.0 Earth Magic
 - Level 2.0 Poison Magic
 - Level 5.0 Evocations


You had 3 spell levels left.
You knew the following spells:

 Your Spells              Type           Power        Failure   Level  Hunger
a - Magic Dart            Conj           ####         1%          1    N/A
b - Blink                 Tloc           N/A          2%          2    N/A
c - Call Imp              Summ           #####...     1%          2    N/A
d - Conjure Flame         Conj/Fire      #####...     4%          3    N/A
e - Mephitic Cloud        Conj/Pois/Air  ####....     3%          3    N/A
f - Vampiric Draining     Necr           #######...   1%          3    N/A
g - Summon Lightning Spi  Summ/Air       #####...     4%          4    N/A
h - Borgnjor's Vile Clut  Necr/Erth      #######...   1%          5    N/A
i - Death Channel         Necr           #######...   1%          6    N/A
j - Dispel Undead         Necr           #######.     1%          5    N/A
k - Animate Dead          Necr           N/A          1%          4    N/A
l - Agony                 Necr           #######.     1%          5    N/A

Your spell library contained the following spells:

 Spells                   Type           Power        Failure   Level  Hunger
 Cause Fear               Hex            ###.......   32%         4    N/A
 Bolt of Magma            Conj/Fire/Erth #####.....   26%         5    N/A
 Slow                     Hex            ###.....     4%          2    N/A
 Confuse                  Hex            ###.....     10%         3    N/A
 Summon Small Mammal      Summ           ####         1%          1    N/A
 Pain                     Necr           ####         0%          1    N/A
 Animate Skeleton         Necr           N/A          0%          1    N/A
 Summon Ice Beast         Ice/Summ       ####....     10%         4    N/A
 Tukima's Dance           Hex            ###.....     10%         3    N/A
 Corpse Rot               Necr           N/A          0%          2    N/A
 Iron Shot                Conj/Erth      #####.....   69%         6    N/A
 Statue Form              Tmut/Erth      ####.....    88%         6    N/A
 Call Canine Familiar     Summ           #####...     1%          3    N/A
 Ensorcelled Hibernation  Hex/Ice        ###...       4%          2    N/A
 Shatter                  Erth           #####.....   100%        9    N/A
 Corona                   Hex            ###....      3%          1    N/A
 Portal Projectile        Hex/Tloc       ###...       7%          3    N/A
 Leda's Liquefaction      Hex/Erth       ####......   12%         4    N/A
 Inner Flame              Hex/Fire       ####....     9%          3    N/A
 Dazzling Spray           Conj/Hex       ###...       5%          3    N/A
 Summon Guardian Golem    Hex/Summ       ####....     3%          3    N/A

Dungeon Overview and Level Annotations

Branches:
Dungeon (15/15)            Temple (1/1) D:6            Lair (6/6) D:8
  Swamp (4/4) Lair:3       Spider (2/4) Lair:2        Slime (0/5) Lair:6
    Orc (2/2) D:11            Elf (0/3) Orc:2        Vaults (0/5) D:14
 Depths (0/5) D:15

Altars:
Ashenzari
Cheibriados
Dithmenos
Elyvilon
Fedhas
Gozag
Hepliaklqana
Kikubaaqudgha
Makhleb
Nemelex Xobeh
Okawaru
Qazlal
Ru
Sif Muna
Trog
Uskayaw
Vehumet
Wu Jian
Xom
Yredelemnul
Zin
The Shining One
Beogh

Shops:
D:10 %(:[   Orc:2 ??}(

Portals:
Pandemonium: Orc:2


Innate Abilities, Weirdness & Mutations

You do not eat or drink.
Your flesh is vulnerable to fire.
You are immune to poison.
Your flesh is cold resistant. (rC+)
You are immune to negative energy. (rN+++)
You are immune to unholy pain and torment.
You can survive without breathing.
You are in touch with the powers of death.


Message History

Your weapon exudes an aura of protection.
The redback is lightly wounded.
The redback misses you.
The tarantella bites you but does no damage.
The redback closely misses you.
You closely miss the tarantella.
The tarantella is lightly wounded.
The tarantella bites you.
* * * LOW HITPOINT WARNING * * *
You are more confused.
The wolf spider hits you but does no damage.
The wolf spider bites you but does no damage.
The redback bites you.
* * * LOW HITPOINT WARNING * * *
The tarantella bites you.
* * * LOW HITPOINT WARNING * * *
You are more confused.
The tarantella bites you!
You die...
Kikubaaqudgha rasps: "You have failed me!
Welcome... oblivion!"

#...(...............^.........##
#.................)^..........[#
...............................##
................................#
..........<..#.............(....#
.........................#......^
.................#....#...^......
...............s...#.............
#..............s@....#..........#
..#............ss....."..^.#.....
............................^....
......!........................##
............>...................#
.......^..........^#...#.......##
.......#.......................#
...............................#
...............................##


You could see a wolf spider, 2 tarantellas and a redback.

Vanquished Creatures
  Nikola (Spider:1)
  2 thorn hunters (Swamp:4)
  Roxanne (Swamp:4)
  The ghost of Hercules1031 the Blocker, a journeyman DDFi of Cheibriados (Swamp:4)
  A very ugly thing (Swamp:3)
  An entropy weaver (Lair:2)
  2 ettins
  The ghost of strelocc the Unseen, a journeyman SpEn of Ashenzari (Swamp:1)
  The ghost of NoiZ the Cleaver, a journeyman HOFi of Qazlal (D:11)
  The ghost of Houdghis the Martial Artist, a journeyman OpNe of Cheibriados (Lair:5)
  Erolcha (D:11)
  A vault guard (D:14)
  Harold (D:9)
  12 hydras
  3 catoblepae (Lair:6)
  2 ghost crabs
  4 centaur warriors
  An ogre mage (D:15)
  12 alligators
  A tengu warrior (D:15)
  2 dancing weapons
  4 death yaks (Lair:6)
  7 two-headed ogres
  7 orc high priests (Orc:2)
  2 soul eaters (Orc:2)
  Sonja (Lair:1)
  A hell knight (D:15)
  11 swamp dragons
  A death drake (Swamp:2)
  A gelid demonspawn (Orc:2)
  An infernal demonspawn (Orc:2)
  4 spectral hydras (Swamp:2)
  2 phantasmal warriors (Swamp:2)
  5 orc knights (Orc:2)
  2 shambling mangroves (Swamp:4)
  6 wolf spiders
  6 orb spiders (Spider:1)
  3 cyclopes
  3 deep elf magi
  5 orc sorcerers
  8 ugly things
  6 manticores
  5 black mambas
  A moth of wrath (Spider:1)
  A centaur zombie (D:14)
  17 elephants
  A rust devil (Orc:2)
  3 swamp worm zombies (Swamp:2)
  A spiny frog (shapeshifter) (D:13)
  16 spiny frogs
  2 gargoyles (D:13)
  A yaktaur (shapeshifter) (D:13)
  A rime drake (Lair:2)
  An efreet (D:14)
  A komodo dragon (Lair:5)
  A freezing wraith (D:14)
  2 demonic crawlers
  An ice devil (Orc:2)
  4 trolls
  7 jumping spiders
  A red devil (Orc:2)
  4 tyrant leeches
  14 hornets
  A blink frog (shapeshifter) (D:15)
  4 slime creatures
  13 bog bodies
  8 hippogriffs
  2 spectral swamp dragons (Swamp:2)
  7 dream sheep (Lair:6)
  3 alligator zombies (Swamp:2)
  5 blink frogs (Lair:6)
  A vampire (D:14)
  8 spriggans
  3 shadows
  A tarantella (Lair:2)
  A wyvern (Lair:3)
  8 redbacks
  A water elemental (D:14)
  44 yaks
  6 fire bats (Lair:1)
  5 tyrant leech zombies (Swamp:2)
  6 wraiths
  Grum (D:9)
  A basilisk (Lair:3)
  A steam dragon (Lair:5)
  A chaos spawn (Orc:2)
  14 vampire mosquitoes
  A warg (Orc:2)
  12 swamp worms
  3 insubstantial wisps (Swamp:4)
  3 porcupines
  5 spiny frog zombies (Swamp:2)
  10 water moccasins
  13 swamp drakes
  2 black bears
  35 orc warriors
  3 ice beasts
  4 sky beasts
  2 hornet zombies
  A phantom (D:7)
  6 centaurs
  10 ogres
  16 crocodiles
  5 wolves
  A big kobold (D:10)
  A gnoll sergeant (Orc:2)
  18 bullfrogs
  3 scorpions
  A troll zombie (Swamp:2)
  2 spriggan zombies (Swamp:2)
  9 killer bees
  5 howler monkeys
  8 wights
  5 electric eels
  A quasit (D:14)
  5 centaur skeletons
  2 iron imps (D:3)
  2 hounds
  3 jellies
  12 orc wizards
  3 bullfrog zombies
  27 orc priests
  3 bullfrog skeletons
  3 iguanas
  4 worker ants
  Natasha (twice) (D:2)
  A hound skeleton (D:9)
  A worker ant zombie (D:7)
  A howler monkey skeleton (D:7)
  11 gnolls
  8 adders
  3 shadow imps
  6 oozes
  An adder zombie (D:7)
  2 worms
  A leopard gecko (D:3)
  75 orcs
  2 ball pythons
  6 bats
  4 giant cockroaches
  8 goblins
  7 hobgoblins
  5 jackals
  11 kobolds
  3 frilled lizards
  A leopard gecko skeleton (D:5)
  5 rats
  5 fungi
  2 plants (Lair:3)
788 creatures vanquished.

Vanquished Creatures (collateral kills)
  Gastronok (D:11)
  A thorn hunter (Swamp:4)
  Snorg (Lair:5)
  Josephine (D:11)
  11 hydras
  Erica (D:9)
  A centaur warrior (D:14)
  An alligator (Swamp:3)
  2 two-headed ogres
  A swamp dragon (Swamp:1)
  A lindwurm (Lair:6)
  2 orc knights
  2 wolf spiders (Spider:1)
  An ugly thing (Swamp:4)
  A necromancer (Swamp:2)
  A cyclops (D:12)
  A manticore (Lair:6)
  7 elephants
  A spiny frog (Lair:1)
  A demonic crawler (Spider:1)
  3 jumping spiders
  4 trolls
  2 tyrant leeches
  2 hippogriffs
  6 slime creatures
  A redback (Lair:2)
  9 yaks
  A tyrant leech zombie (Swamp:2)
  A wyvern (D:9)
  3 tarantellas
  A fire elemental (Lair:1)
  A hungry ghost (D:9)
  A basilisk (Lair:2)
  2 vampire mosquitoes (Swamp:2)
  2 swamp worms (Swamp:2)
  2 porcupines (Lair:1)
  4 water moccasins
  A black bear (D:7)
  3 swamp drakes (Swamp:4)
  8 orc warriors
  5 ogres
  5 wolves
  A centaur (D:4)
  4 crocodiles
  A big kobold (D:9)
  6 bullfrogs
  10 killer bees
  A howler monkey (D:7)
  A crimson imp (D:11)
  A quasit (D:5)
  6 jellies
  8 orc priests
  6 hounds
  A gnoll shaman (D:10)
  A bullfrog skeleton (D:5)
  An iron imp (D:3)
  An iguana (D:6)
  Terence (D:1)
  Natasha (D:2)
  7 orc wizards
  A worker ant (D:4)
  3 gnolls
  6 adders
  4 oozes
  An adder skeleton (D:5)
  A worm (D:2)
  11 orcs
  2 jackals (D:8)
  A kobold (D:9)
  2 quokkas
  A frilled lizard (D:4)
  A leopard gecko skeleton (D:6)
  2 briar patches (Swamp:4)
200 creatures vanquished.

Vanquished Creatures (others)
  A spriggan berserker (Swamp:4)
  An insubstantial wisp (Swamp:4)
  An orc wizard (D:6)
  A briar patch (Swamp:4)
  A bush (Lair:2)
  25 fungi
  10 plants
  5 withered plants (Swamp:2)
45 creatures vanquished.

Grand Total: 1033 creatures vanquished

Notes
Turn   | Place    | Note
-------+----------+-------------------------------------------
     0 | D:1      | GordonOverkill the Mummy Wizard began the quest for the Orb.
     0 | D:1      | Reached XP level 1. HP: 13/13 MP: 5/5
   586 | D:1      | Reached skill level 1 in Conjurations
   670 | D:1      | Reached XP level 2. HP: 20/20 MP: 4/7
   777 | D:1      | Learned a level 2 spell: Blink
  1717 | D:2      | Reached XP level 3. HP: 23/25 MP: 6/8
  1739 | D:2      | Reached skill level 1 in Fighting
  1821 | D:2      | Noticed Terence
  1936 | D:2      | Learned a level 2 spell: Call Imp
  2424 | D:1      | Killed Terence
  3038 | D:2      | Reached XP level 4. HP: 30/32 MP: 3/10
  3153 | D:2      | Noticed Natasha
  3157 | D:2      | Killed Natasha
  3389 | D:2      | Noticed Natasha
  3397 | D:2      | Killed Natasha
  3664 | D:3      | Noticed an ogre
  3692 | D:3      | Killed an ogre
  3692 | D:3      | Reached XP level 5. HP: 38/38 MP: 2/12
  3866 | D:3      | Reached skill level 5 in Spellcasting
  3901 | D:3      | Found a faded altar of an unknown god.
  4170 | D:3      | Learned a level 3 spell: Conjure Flame
  4256 | D:3      | Found a burning altar of Makhleb.
  4578 | D:3      | Found an opulent altar of Gozag.
  4828 | D:2      | Noticed Natasha
  4833 | D:2      | Killed Natasha
  5111 | D:3      | Reached XP level 6. HP: 46/46 MP: 7/14
  5324 | D:3      | Learned a level 3 spell: Mephitic Cloud
  5345 | D:4      | Reached skill level 1 in Summonings
  5633 | D:4      | Found an ornate altar of the Wu Jian Council.
  5636 | D:4      | Found a stormy altar of Qazlal.
  5650 | D:4      | Found an iron altar of Okawaru.
  5653 | D:4      | Found a sparkling altar of Nemelex Xobeh.
  6259 | D:5      | Entered Level 5 of the Dungeon
  6805 | D:5      | Found a shimmering altar of Xom.
  7162 | D:4      | Reached XP level 7. HP: 48/52 MP: 11/16
  7536 | D:5      | Found a shimmering altar of Xom.
  7602 | D:5      | Found a shimmering altar of Xom.
  7921 | D:6      | Got a dazzling scale mail
  8017 | D:6      | Found an ancient bone altar of Kikubaaqudgha.
  8719 | D:6      | Reached skill level 1 in Translocations
  8955 | D:6      | Reached XP level 8. HP: 60/60 MP: 15/20
  9211 | D:6      | Found a deep blue altar of Sif Muna.
  9433 | D:6      | Found a staircase to the Ecumenical Temple.
  9439 | Temple   | Entered the Ecumenical Temple
  9599 | Temple   | Became a worshipper of Kikubaaqudgha
 10386 | D:7      | Reached * piety under Kikubaaqudgha
 10386 | D:7      | Identified Kikubaaqudgha's Almanac of Black Rituals (Kikubaaqudgha gifted it to you on level 7 of the Dungeon)
 10386 | D:7      | Received a gift from Kikubaaqudgha
 10397 | D:7      | Learned a level 3 spell: Vampiric Draining
 10437 | D:7      | Reached skill level 1 in Poison Magic
 10448 | D:7      | Reached skill level 1 in Air Magic
 10954 | D:8      | HP: 2/60 [wolf (4)]
 10962 | D:8      | HP: 2/60 [wolf (2)]
 11290 | D:7      | Reached skill level 10 in Spellcasting
 11414 | D:7      | Reached skill level 1 in Necromancy
 11553 | D:8      | Reached skill level 1 in Armour
 11553 | D:8      | Reached XP level 9. HP: 65/65 MP: 19/23
 11701 | D:8      | Noticed a troll
 11702 | D:8      | Reached ** piety under Kikubaaqudgha
 12639 | D:8      | Killed a troll
 12974 | D:8      | Found a staircase to the Lair.
 14250 | D:9      | Noticed a troll
 14626 | D:9      | Noticed Grum
 14628 | D:9      | Noticed Erica
 14640 | D:9      | Noticed a troll
 14651 | D:9      | Killed a troll
 14651 | D:9      | Reached skill level 5 in Necromancy
 15364 | Lair:1   | Entered Level 1 of the Lair of Beasts
 15544 | Lair:1   | Learned a level 4 spell: Summon Lightning Spire
 15589 | Lair:1   | Reached XP level 10. HP: 68/72 MP: 17/24
 16045 | Lair:1   | Reached *** piety under Kikubaaqudgha
 16045 | Lair:1   | Identified Kikubaaqudgha's Catalogue of Evil Rites (Kikubaaqudgha gifted it to you on level 1 of the Lair of Beasts)
 16045 | Lair:1   | Received a gift from Kikubaaqudgha
 16114 | Lair:1   | Learned a level 5 spell: Borgnjor's Vile Clutch
 16647 | Lair:1   | Noticed a spiny frog
 16683 | Lair:1   | Killed a spiny frog
 16683 | Lair:1   | Reached skill level 5 in Fighting
 16683 | Lair:1   | Reached skill level 1 in Earth Magic
 16979 | Lair:1   | Noticed Sonja
 16984 | Lair:1   | Killed Sonja
 16984 | Lair:1   | Reached skill level 5 in Armour
 17287 | Lair:2   | Noticed a spiny frog
 17297 | Lair:2   | Killed a spiny frog
 18165 | Lair:2   | Noticed an elephant
 18169 | Lair:2   | Noticed an elephant
 18169 | Lair:2   | Noticed an elephant
 18170 | Lair:2   | Noticed an elephant
 18462 | Lair:1   | Killed an elephant
 18597 | Lair:1   | Killed an elephant
 19798 | Lair:2   | Found a hole to the Spider Nest.
 19798 | Lair:2   | Noticed a wolf spider
 19815 | Lair:2   | HP: 2/76 [wolf spider (14)]
 20220 | Lair:2   | Reached XP level 11. HP: 39/81 MP: 16/25
 20425 | Lair:2   | Killed a wolf spider
 22164 | Lair:3   | Noticed a five-headed hydra
 22352 | Lair:3   | Learned a level 6 spell: Death Channel
 22732 | Lair:3   | Reached skill level 5 in Earth Magic
 22855 | Lair:3   | Found a staircase to the Swamp.
 22950 | Lair:3   | Killed a five-headed hydra
 23671 | Lair:3   | Identified the +0 scale mail "Cegis" {rC++ Int+3} (You found it on level 6 of the Dungeon)
 23724 | Lair:4   | Reached **** piety under Kikubaaqudgha
 25182 | Lair:4   | Reached skill level 10 in Necromancy
 25182 | Lair:4   | Reached XP level 12. HP: 91/91 MP: 10/27
 27531 | Lair:5   | Found a runed door.
 27531 | Lair:5   | Found a shimmering altar of Xom.
 27531 | Lair:5   | Noticed Houdghis's ghost (journeyman OpNe)
 28491 | Lair:5   | Noticed a six-headed hydra
 28500 | Lair:5   | Killed a six-headed hydra
 28500 | Lair:5   | Reached skill level 10 in Fighting
 28742 | Lair:6   | Entered Level 6 of the Lair of Beasts
 28742 | Lair:6   | Noticed Snorg
 28742 | Lair:6   | Noticed a five-headed hydra
 29249 | Lair:6   | Noticed a six-headed hydra
 29543 | Lair:5   | Killed Snorg
 29967 | Lair:6   | Gained mutation: You are in touch with the powers of death. [Mummy growth]
 29967 | Lair:6   | Reached XP level 13. HP: 104/104 MP: 14/28
 30721 | Lair:6   | Learned a level 5 spell: Dispel Undead
 31772 | Lair:6   | Got a scintillating bronze amulet
 31773 | Lair:6   | Identified the amulet "Wukloufe" {Reflect Int+2 SH+3} (You found it on level 6 of the Lair of Beasts)
 32015 | Lair:6   | Reached skill level 5 in Summonings
 32151 | Lair:6   | Found a staircase to the Slime Pits.
 32864 | D:9      | Killed Grum
 32949 | D:9      | Killed Erica
 33307 | Lair:5   | Killed Houdghis's ghost
 33654 | D:9      | Noticed Harold
 33664 | D:9      | Killed Harold
 33850 | D:10     | Entered Level 10 of the Dungeon
 34152 | D:10     | Found Ilaag's Weapon Boutique.
 34186 | D:10     | Reached skill level 1 in Fire Magic
 34319 | D:10     | Found Puoshroot's Armour Shop.
 34340 | D:10     | Bought a +0 buckler of protection for 161 gold pieces
 34401 | D:10     | Found Intaum's Book Boutique.
 34524 | D:10     | Reached ***** piety under Kikubaaqudgha
 34764 | D:10     | Found Hiyn Bedubb's Food Boutique.
 35300 | D:11     | Reached skill level 1 in Shields
 35414 | D:11     | Noticed Josephine
 35421 | D:11     | Killed Josephine
 35586 | D:10     | Reached XP level 14. HP: 104/113 MP: 19/30
 35681 | D:11     | Noticed Erolcha
 35687 | D:11     | Killed Erolcha
 35867 | D:11     | Identified a scroll of acquirement
 36269 | D:11     | Found a staircase to the Orcish Mines.
 36406 | D:11     | Found a transporter.
 36408 | D:11     | Noticed NoiZ's ghost (journeyman HOFi)
 36418 | D:11     | Found a transporter.
 36418 | D:11     | Noticed Gastronok
 36427 | D:11     | Killed Gastronok
 36813 | D:11     | Killed NoiZ's ghost
 38081 | Orc:1    | Entered Level 1 of the Orcish Mines
 38565 | Orc:1    | Found a roughly hewn altar of Beogh.
 38685 | Orc:2    | Entered Level 2 of the Orcish Mines
 39087 | Orc:2    | Found a staircase to the Elven Halls.
 39614 | Orc:2    | Reached ****** piety under Kikubaaqudgha
 40619 | Orc:2    | Found Tuwaex's Magic Scroll Emporium.
 40779 | Orc:2    | Found Dawiozuhi's Magic Scroll Shoppe.
 41674 | Orc:2    | Reached skill level 15 in Spellcasting
 41812 | Orc:2    | Reached XP level 15. HP: 112/118 MP: 11/34
 41995 | Orc:2    | Found Piryqur's Gadget Shop.
 41995 | Orc:2    | Found Emac's Antique Weapon Boutique.
 41996 | Orc:2    | Found a one-way gate leading to the halls of Pandemonium.
 42126 | Orc:2    | Bought a scroll of teleportation for 45 gold pieces
 42126 | Orc:2    | Bought a scroll of teleportation for 45 gold pieces
 42126 | Orc:2    | Bought a scroll of teleportation for 45 gold pieces
 42126 | Orc:2    | Bought 3 scrolls of blinking for 337 gold pieces
 42126 | Orc:2    | Bought a scroll of summoning for 142 gold pieces
 42128 | Orc:2    | Bought a scroll of magic mapping for 59 gold pieces
 42128 | Orc:2    | Bought a scroll of enchant weapon for 127 gold pieces
 42128 | Orc:2    | Bought a scroll of teleportation for 51 gold pieces
 42128 | Orc:2    | Bought a scroll of amnesia for 59 gold pieces
 42128 | Orc:2    | Bought a scroll of fear for 59 gold pieces
 42128 | Orc:2    | Bought a scroll of fear for 59 gold pieces
 42159 | Orc:2    | Bought a wand of digging (4) for 224 gold pieces
 42159 | Orc:2    | Bought a wand of digging (10) for 392 gold pieces
 42159 | Orc:2    | Bought a wand of acid (12) for 448 gold pieces
 42362 | D:13     | Reached skill level 1 in Evocations
 44184 | D:14     | Found a sacrificial altar of Ru.
 44395 | D:14     | Found a gate to the Vaults.
 44605 | D:15     | Entered Level 15 of the Dungeon
 44997 | D:15     | Reached skill level 5 in Evocations
 45033 | D:15     | Found a staircase to the Depths.
 45092 | D:15     | Reached skill level 15 in Necromancy
 45487 | Swamp:1  | Entered Level 1 of the Swamp
 45503 | Swamp:1  | Reached skill level 1 in Long Blades
 46372 | Swamp:1  | Found a runed door.
 46376 | Swamp:1  | Noticed strelocc's ghost (journeyman SpEn)
 46386 | Swamp:1  | Killed strelocc's ghost
 46450 | Swamp:1  | Got a faintly humming scale mail
 46451 | Swamp:1  | Identified the +1 scale mail of Day {rElec Str-2 Stlth+} (You found it on level 1 of the Swamp)
 47085 | Swamp:2  | Reached skill level 5 in Long Blades
 47559 | Swamp:2  | Reached XP level 16. HP: 47/125 MP: 2/35
 51143 | Swamp:2  | Learned a level 4 spell: Animate Dead
 51149 | Swamp:2  | Learned a level 5 spell: Agony
 52574 | Swamp:4  | Entered Level 4 of the Swamp
 52574 | Swamp:4  | Noticed Roxanne
 52674 | Swamp:4  | Killed Roxanne
 53073 | Swamp:4  | Found a runed door.
 53073 | Swamp:4  | Found a shimmering altar of Xom.
 53073 | Swamp:4  | Noticed Hercules1031's ghost (journeyman DDFi)
 53081 | Swamp:4  | Killed Hercules1031's ghost
 53363 | Swamp:4  | Reached skill level 10 in Long Blades
 53722 | Swamp:4  | Noticed a thorn hunter
 53732 | Swamp:4  | Killed a thorn hunter
 53785 | Swamp:4  | Noticed a thorn hunter
 53872 | Swamp:4  | Killed a thorn hunter
 55546 | Swamp:4  | Noticed a thorn hunter
 55857 | Swamp:4  | Killed a thorn hunter
 55951 | Swamp:4  | Reached XP level 17. HP: 126/131 MP: 14/36
 56067 | Swamp:4  | Got a decaying rune of Zot
 56331 | Spider:1 | Entered Level 1 of the Spider Nest
 57409 | Spider:1 | Noticed Nikola
 57425 | Spider:1 | Killed Nikola
 58113 | Spider:1 | Slain by a tarantella

Vault maps used:
D:1:      ncdulo_lavacross, kennysheep_pointless_box, minmay_tromino_v7
D:2:      first_ration, uniq_terence, uniq_natasha
D:3:      grunt_gozag_breadcrumbs, demons_altar,
          chequers_ecumenical_altar_island, minmay_misc_feat_room
D:4:      grunt_temple_overflow_cloverleaf
D:5:      xom_redecorated
D:6:      kennysheep_orc_sif_temple, minmay_temple_entry_fiery, basic_altar
D:8:      erik_lair_island, hangedman_little_slice_of_home
D:9:      uniq_erica, uniq_harold, uniq_grum
D:10:     serial_shops, kennysheep_mini, nicolae_shop_stone,
          nicolae_shop_crystal, shop_coins
D:11:     gammafunk_ghost_smash, uniq_josephine, uniq_gastronok, uniq_erolcha
D:14:     david_vaults_5, kennysheep_flooded_box,
          nicolae_ru_the_path_less_chosen
D:15:     hangedman_depths_entry_civil_slaughter, hangedman_decor_diamond_cutter
Temple:   eino_temple_rhombus
Lair:1:   st_stairs_8, uniq_sonja
Lair:2:   spider_nest_entry_funnel_web, grunt_megastairs_1
Lair:3:   swamp_mist, serial_bayou_lagoon_a, serial_bayou_shore_a
Lair:4:   grunt_megastairs_5
Lair:5:   ebering_ghost_xom, grunt_megastairs_2, infiniplex_staircase_pool
Lair:6:   evilmike_catoblepas_cave, dpeg_slime_entry_corner, uniq_snorg
Swamp:1:  ebering_ghost_inner_flame, evilmike_swamp_ruin_house_2, swamp_pool1
Swamp:2:  cheibrodos_swamp_mausoleum, hangedman_swamp_ruin_wall, swamp_pool1,
          st_swamp_ruins_2
Swamp:3:  evilmike_swamp_ruin_house_5
Swamp:4:  swamp_basic_johnstein, ebering_ghost_xom, uniq_roxanne
Spider:1: uniq_nikola
Spider:2: nicolae_spider_shape
Orc:1:    basic_altar
Orc:2:    pf_orc_diabolical

Skill      XL: |  1  2  3  4  5  6  7  8  9 10 11 12 13 14 15 16 17 |
---------------+----------------------------------------------------+-----
Conjurations   | 1 2 3 |  3.0
Stealth        | 2 |  2.0
Fighting       | 1 2 3 4 6 7 10 11 | 11.0
Dodging        | 2 |  2.0
Spellcasting   | 5 6 8 10 11 12 15 | 15.0
Summonings     | 2 3 6 |  6.0
Translocations | 1 2 |  2.0
Poison Magic   | 2 |  2.0
Air Magic      | 2 3 4 |  4.0
Necromancy     | 1 6 8 10 11 12 13 15 | 15.0
Armour         | 1 4 5 6 8 |  8.0
Earth Magic    | 3 5 |  5.0
Fire Magic     | 1 |  1.0
Shields        | 2 4 |  4.0
Evocations     | 5 |  5.0
Long Blades    | 5 11 12 | 12.5

Action                   |  1- 3 |  4- 6 |  7- 9 | 10-12 | 13-15 | 16-18 || total
-------------------------+-------+-------+-------+-------+-------+-------++-------
Melee: Unarmed           |     5 |       |       |       |       |       ||     5
       Hand axe          |    12 |       |       |       |       |       ||    12
       Trident           |       |    59 |   403 |   335 |   346 |    15 ||  1158
       Demon blade       |       |       |       |       |    29 |   156 ||   185
Throw: Tomahawk          |       |       |       |    23 |   223 |    14 ||   260
       Throwing net      |       |       |       |       |       |     1 ||     1
 Cast: Magic Dart        |   122 |    57 |    48 |   163 |    17 |    18 ||   425
       Call Imp          |     4 |    60 |   265 |   172 |       |     1 ||   502
       Blink             |       |       |    11 |       |     2 |       ||    13
       Borgnjor's Vile C |       |       |       |   186 |   382 |   143 ||   711
       Death Channel     |       |       |       |     3 |       |     3 ||     6
       Summon Lightning  |       |       |       |     9 |    66 |    37 ||   112
       Dispel Undead     |       |       |       |       |    28 |    95 ||   123
       Agony             |       |       |       |       |       |    74 ||    74
       Animate Dead      |       |       |       |       |       |    16 ||    16
Evoke: Wand              |       |       |    14 |    11 |     9 |    10 ||    44
  Use: Scroll            |     8 |     7 |     4 |     9 |    11 |     7 ||    46
 Stab: Sleeping          |     1 |       |     1 |       |       |     1 ||     3
       Distracted        |       |     1 |    10 |     4 |     1 |     4 ||    20
Armor: Robe              |    16 |       |       |       |       |       ||    16
       Leather armour    |     1 |    61 |   374 |   280 |       |       ||   716
       Steam dragon scal |       |       |       |    32 |   227 |   199 ||   458
Dodge: Dodged            |    35 |    86 |   425 |   401 |   251 |   167 ||  1365
Block: Buckler           |       |       |       |       |    61 |    61 ||   122
       Rpst.: Demon blade |       |       |       |       |     7 |    20 ||    27

Table legend:
 A = Spawn XP
 B = Non-spawn XP
 C = Spawn XP percentage of total XP
 D = Spawn monster count
 E = Non-spawn monster count
 F = Spawn count percentage of total count
 G = Total turns spent on level
                    A         B        C        D         E        F      G
               +---------+---------+-------+---------+---------+-------+---------
         Total |       0 |  233230 |   0.0 |       0 |     979 |   0.0 | 58113
               +---------+---------+-------+---------+---------+-------+---------
           D:1 |       0 |      57 |   0.0 |       0 |      24 |   0.0 |  2159
           D:2 |       0 |     107 |   0.0 |       0 |      21 |   0.0 |  1511
           D:3 |       0 |     229 |   0.0 |       0 |      16 |   0.0 |  1786
           D:4 |       0 |     291 |   0.0 |       0 |      11 |   0.0 |  1639
           D:5 |       0 |     349 |   0.0 |       0 |      16 |   0.0 |   824
           D:6 |       0 |     638 |   0.0 |       0 |      20 |   0.0 |  1983
           D:7 |       0 |    1199 |   0.0 |       0 |      38 |   0.0 |  2091
           D:8 |       0 |    1446 |   0.0 |       0 |      49 |   0.0 |  2756
           D:9 |       0 |    3737 |   0.0 |       0 |      33 |   0.0 |  1986
          D:10 |       0 |    3741 |   0.0 |       0 |      38 |   0.0 |  1683
          D:11 |       0 |   11075 |   0.0 |       0 |      36 |   0.0 |  2011
          D:12 |       0 |    6276 |   0.0 |       0 |      27 |   0.0 |  1244
          D:13 |       0 |    7984 |   0.0 |       0 |      34 |   0.0 |  1214
          D:14 |       0 |   11126 |   0.0 |       0 |      34 |   0.0 |  1134
          D:15 |       0 |    8245 |   0.0 |       0 |      16 |   0.0 |   648
        Lair:1 |       0 |    4617 |   0.0 |       0 |      27 |   0.0 |  3440
        Lair:2 |       0 |    8777 |   0.0 |       0 |      32 |   0.0 |  3696
        Lair:3 |       0 |    8350 |   0.0 |       0 |      36 |   0.0 |  4197
        Lair:4 |       0 |    5441 |   0.0 |       0 |      16 |   0.0 |  1797
        Lair:5 |       0 |   10937 |   0.0 |       0 |      31 |   0.0 |  2893
        Lair:6 |       0 |   18909 |   0.0 |       0 |      56 |   0.0 |  2526
       Swamp:1 |       0 |    8669 |   0.0 |       0 |      19 |   0.0 |  1225
       Swamp:2 |       0 |   25984 |   0.0 |       0 |      70 |   0.0 |  3722
       Swamp:3 |       0 |   10566 |   0.0 |       0 |      18 |   0.0 |  1569
       Swamp:4 |       0 |   35292 |   0.0 |       0 |      74 |   0.0 |  3343
      Spider:1 |       0 |   12898 |   0.0 |       0 |      30 |   0.0 |   956
         Orc:1 |       0 |    3566 |   0.0 |       0 |      37 |   0.0 |  1065
         Orc:2 |       0 |   22724 |   0.0 |       0 |     120 |   0.0 |  2839
               +---------+---------+-------+---------+---------+-------+---------
